[Event "IIFL WEALTH VI Mumbai Open 2021"]
[Site "Mumbai"]
[Date "2022.01.05"]
[Round "7.2"]
[White "Majumder Shrayan"]
[Black "Krishnan Ritvik"]
[Result "0-1"]
[ECO "E73"]
[WhiteElo "1669"]
[BlackElo "1750"]
[Annotator "NA RC"]
[PlyCount "48"]
[EventDate "2021.12.30"]
[EventType "swiss"]
[EventCountry "IND"]
[SourceTitle "playchess.com"]
[Source "ChessBase"]
[SourceQuality "1"]
[TimeControl "5400+30"]

1. d4 Nf6 2. c4 g6 3. Nc3 Bg7 4. e4 d6 5. Be2 O-O 6. Be3 Na6 7. g4 c5 8. d5 e6 9. g5 Nh5 10. Bxh5 gxh5 11. Qxh5 Nb4 12. Qd1 exd5 13. cxd5 c4 14. Nge2 Nd3+ 15. Kd2 b5 16. a3 Nxb2 17. Qg1 Qa5 18. f4 Na4 19. Bd4 Bxd4 20. Qxd4 Nc5 21. Rab1 Qxa3 22. Nxb5 Nb3+ 23. Ke3 Qb4 24. Nbc3 Nxd4 0-1

[Event "IIFL WEALTH VI Mumbai Open 2021"]
[Site "Mumbai"]
[Date "2022.01.05"]
[Round "7.3"]
[White "Kulkarni, Vikramaditya"]
[Black "Mishra Sanjeev"]
[Result "1-0"]
[ECO "A05"]
[WhiteElo "2327"]
[BlackElo "1605"]
[Annotator "RC"]
[PlyCount "109"]
[EventDate "2021.12.30"]
[EventType "swiss"]
[EventCountry "IND"]
[SourceTitle "playchess.com"]
[Source "ChessBase"]
[SourceQuality "1"]
[TimeControl "5400+30"]

1. Nf3 Nf6 2. g3 b6 3. Bg2 Bb7 4. O-O e6 5. c4 d5 6. cxd5 exd5 7. d4 Be7 8. Qa4+ c6 9. Nh4 O-O 10. Nf5 Re8 11. Nxe7+ Qxe7 12. Nc3 Nbd7 13. Bf4 Nf8 14. Rad1 Ne6 15. Bc1 h6 16. Rfe1 Red8 17. b4 a5 18. b5 c5 19. Ba3 Qc7 20. dxc5 Nxc5 21. Qf4 Qc8 22. Rc1 d4 23. Na4 Bxg2 24. Nxb6 Qh3 25. Qh4 Nce4 26. Nxa8 Rxa8 27. Qxh3 Bxh3 28. Bb2 Be6 29. Bxd4 Bxa2 30. b6 Bd5 31. f3 Ng5 32. Bxf6 gxf6 33. Red1 Bb7 34. Rd7 Rb8 35. Kf2 Ne6 36. Ra1 a4 37. Rd6 Ra8 38. Rd7 Rb8 39. Rxa4 Bc6 40. Rg4+ Kf8 41. Rd6 Bb7 42. Ra4 Ke7 43. Rd2 Nc5 44. Rh4 Bc8 45. Rc2 Nd7 46. Rxh6 Nxb6 47. Rh8 Kd7 48. Rd2+ Kc7 49. Rf8 Be6 50. Rc2+ Kb7 51. Rxb8+ Kxb8 52. h4 Nd7 53. h5 Nf8 54. Ke3 Nh7 55. h6 1-0

[Event "IIFL WEALTH VI Mumbai Open 2021"]
[Site "Mumbai"]
[Date "2022.01.05"]
[Round "7.4"]
[White "Rachit H Gurnani"]
[Black "Sharnarthi Viresh"]
[Result "1-0"]
[ECO "B92"]
[WhiteElo "1840"]
[BlackElo "1456"]
[Annotator "NA RC"]
[PlyCount "51"]
[EventDate "2021.12.30"]
[EventType "swiss"]
[EventCountry "IND"]
[SourceTitle "playchess.com"]
[Source "ChessBase"]
[SourceQuality "1"]
[TimeControl "5400+30"]

1. e4 c5 2. Nf3 d6 3. d4 cxd4 4. Nxd4 Nf6 5. Nc3 a6 6. Be2 e5 7. Nb3 Be7 8. Bg5 Nbd7 9. a4 Rb8 10. O-O b6 11. Bc4 Bb7 12. Qe2 Ra8 13. Rfd1 $16 O-O 14. Bxf6 Nxf6 15. Nd2 b5 16. axb5 axb5 17. Rxa8 Qxa8 18. Nxb5 Nxe4 19. Nxe4 Bxe4 20. Bd5 Bxd5 21. Nc7 Qa7 22. Nxd5 Rb8 23. Qg4 Rxb2 24. Nf6+ Bxf6 25. Qc8+ Bd8 26. Qxd8# 1-0

[Event "IIFL WEALTH VI Mumbai Open 2021"]
[Site "Mumbai"]
[Date "2022.01.05"]
[Round "7.5"]
[White "Ruturaj Rushikesh Dhotre"]
[Black "Bajaj Prakhar"]
[Result "1-0"]
[ECO "B62"]
[WhiteElo "1547"]
[BlackElo "1663"]
[Annotator "NA"]
[PlyCount "111"]
[EventDate "2021.12.30"]
[EventType "swiss"]
[EventCountry "IND"]
[SourceTitle "playchess.com"]
[Source "ChessBase"]
[SourceQuality "1"]
[TimeControl "5400+30"]

1. e4 c5 2. Nf3 d6 3. d4 cxd4 4. Nxd4 Nf6 5. Nc3 Nc6 6. Bg5 e6 7. Be2 Be7 8. Qd2 Nxe4 9. Nxe4 Bxg5 10. Nxg5 Nxd4 11. Qxd4 Qxg5 12. Qxd6 Bd7 13. Bf3 O-O-O 14. O-O Bc6 15. Qa3 Bxf3 16. Qxf3 Qf6 17. Qb3 Rd6 18. a4 Rb6 19. Qe3 Kb8 20. a5 Rxb2 21. a6 Rd8 22. axb7 Rxb7 23. Rfb1 Qd4 24. Rxb7+ Kxb7 25. Rb1+ Kc7 26. Qf3 Rd7 27. Qg3+ Qd6 28. Qc3+ Kd8 29. h3 f6 30. Qf3 Ke8 31. c4 Kf8 32. Qh5 g6 33. Qh6+ Kg8 34. c5 Qf8 35. Qe3 Qe7 36. Qh6 Qf8 37. Qe3 Qe7 38. Qh6 Rb7 39. Rc1 Rc7 40. Qe3 Rc6 41. Qd4 Kg7 42. f4 a5 43. Kh1 Qa7 44. g4 Qb7 45. Kg1 Qc7 46. g5 e5 47. gxf6+ Kxf6 48. fxe5+ Ke7 49. Qh4+ Ke8 50. Qd4 Qd7 51. Qe4 Ke7 52. Rc2 Qd1+ 53. Kh2 Qd7 54. Rf2 Qc7 55. Qf4 Rxc5 56. Qf7+ 1-0

[Event "IIFL WEALTH VI Mumbai Open 2021"]
[Site "Mumbai"]
[Date "2022.01.06"]
[Round "8.1"]
[White "Adireddy Arjun"]
[Black "Rachit H Gurnani"]
[Result "1/2-1/2"]
[ECO "C98"]
[WhiteElo "1658"]
[BlackElo "1840"]
[Annotator "NA"]
[PlyCount "85"]
[EventDate "2021.12.30"]
[EventType "swiss"]
[EventCountry "IND"]
[SourceTitle "playchess.com"]
[Source "ChessBase"]
[SourceQuality "1"]
[TimeControl "5400+30"]

1. e4 e5 2. Nf3 Nc6 3. Bb5 a6 4. Ba4 Nf6 5. O-O Be7 6. Re1 b5 7. Bb3 d6 8. c3 O-O 9. h3 Na5 10. Bc2 c5 11. d4 Qc7 12. Nbd2 Nc6 13. d5 Nd8 (13... Na5 $14) 14. a4 Rb8 15. axb5 axb5 16. b4 Ne8 17. bxc5 dxc5 18. c4 b4 19. Qe2 f6 20. Nb3 Nd6 21. Be3 N8b7 22. Ra7 Nf7 23. Rea1 Bd7 24. Ne1 Qc8 25. f3 Bd8 26. R1a6 f5 27. exf5 Bxf5 28. Nd3 Bg5 29. Bxg5 Nxg5 30. Qxe5 Re8 $2 (30... Nf7 31. Qg3 Qe8) 31. Qg3 h6 (31... Nf7 $142 32. Rb6 Bg6) 32. Rc6 Qd8 $18 33. h4 Nf7 34. Qf4 Bxd3 35. Bxd3 Ne5 36. Bg6 Nxc6 37. Bxe8 Nxa7 38. Qf7+ Kh7 39. Qf5+ Kh8 40. Qf8+ Kh7 41. Qf5+ Kh8 42. Qf8+ Kh7 43. Qf5+ 1/2-1/2

[Event "IIFL WEALTH VI Mumbai Open 2021"]
[Site "Mumbai"]
[Date "2022.01.06"]
[Round "8.3"]
[White "Krishnan Ritvik"]
[Black "Ruturaj Rushikesh Dhotre"]
[Result "1-0"]
[ECO "C00"]
[WhiteElo "1750"]
[BlackElo "1547"]
[Annotator "NA"]
[PlyCount "63"]
[EventDate "2021.12.30"]
[EventType "swiss"]
[EventCountry "IND"]
[SourceTitle "playchess.com"]
[Source "ChessBase"]
[SourceQuality "1"]
[TimeControl "5400+30"]

1. e4 e6 2. d3 d5 3. Nd2 Nf6 4. Ngf3 c5 5. g3 Nc6 6. Bg2 g6 7. O-O Bg7 8. Re1 O-O 9. c3 Rb8 10. a4 a6 11. Qc2 b5 12. exd5 exd5 13. axb5 axb5 14. Nb3 c4 15. Nbd4 Nxd4 16. Nxd4 Bd7 17. Bf4 Rb6 18. Qd2 Qc8 19. Bh6 Bf5 20. Bxg7 Kxg7 21. Qe3 Rb8 22. Ra7 Re8 23. Qd2 Bxd3 24. Ree7 Rxe7 25. Rxe7 Rb6 26. Qe3 Qg4 27. f3 Qc8 28. Nf5+ Qxf5 29. Qxb6 Qg5 30. Qe3 Qf5 31. g4 Qc8 32. g5 1-0

[Event "IIFL WEALTH VI Mumbai Open 2021"]
[Site "Mumbai"]
[Date "2022.01.06"]
[Round "8.4"]
[White "Majumder Shrayan"]
[Black "Kadav Omkar"]
[Result "0-1"]
[ECO "A70"]
[WhiteElo "1669"]
[BlackElo "1843"]
[Annotator "NA"]
[PlyCount "92"]
[EventDate "2021.12.30"]
[EventType "swiss"]
[EventCountry "IND"]
[SourceTitle "playchess.com"]
[Source "ChessBase"]
[SourceQuality "1"]
[TimeControl "5400+30"]

1. d4 c5 2. d5 e6 3. c4 Nf6 4. Nc3 exd5 5. cxd5 d6 6. e4 g6 7. Nf3 Bg7 8. h3 O-O 9. Bd3 a6 (9... b5 $1 $11) 10. a4 Nh5 11. O-O Nd7 12. g4 Nhf6 13. Bf4 Ne8 (13... h5 $11) 14. Qc2 (14. Qd2 $14 {is superior.}) 14... Qc7 15. Bg3 c4 16. Be2 f5 17. exf5 gxf5 18. gxf5 Nc5 19. Nh4 Nb3 20. Rad1 Nd4 21. Qe4 Nxf5 22. Nxf5 Bxf5 23. Qxc4 Qxc4 24. Bxc4 Bxh3 25. Rfe1 Rc8 26. Bd3 Bg4 27. Be2 Bd7 28. Bd3 Bxc3 29. bxc3 Bxa4 30. Ra1 Bb3 ({Much less strong is} 30... Rxc3 31. Re3 Rxd3 32. Rxd3 $14) 31. c4 $15 Bxc4 32. Rec1 b5 33. Bxc4 bxc4 34. Rxa6 Nc7 35. Rxd6 Nb5 36. Re6 c3 37. Be5 Rc5 38. d6 Rd8 39. Re7 Nxd6 40. Rg7+ Kf8 41. Bf6 Ne4 42. Bxd8 Kxg7 43. f3 Nd2 44. Bb6 Nb3 45. Bxc5 Nxc1 46. Kf1 Nb3 0-1

[Event "IIFL WEALTH VI Mumbai Open 2021"]
[Site "Mumbai"]
[Date "2022.01.06"]
[Round "8.5"]
[White "Daksh Goyal"]
[Black "Bharadia Yash"]
[Result "1/2-1/2"]
[ECO "A28"]
[WhiteElo "1352"]
[BlackElo "1675"]
[Annotator "NA"]
[PlyCount "109"]
[EventDate "2021.12.30"]
[EventType "swiss"]
[EventCountry "IND"]
[SourceTitle "playchess.com"]
[Source "ChessBase"]
[SourceQuality "1"]
[TimeControl "5400+30"]

1. c4 e5 2. Nc3 Nf6 3. Nf3 Nc6 4. e3 d5 5. cxd5 Nxd5 6. Bb5 Nxc3 7. bxc3 Bd6 8. d4 Bd7 9. O-O Qe7 10. e4 O-O 11. d5 Nd8 12. Bd3 b6 13. Nd2 Nb7 14. Nc4 Bc5 15. Kh1 Rad8 16. f4 f6 17. Bd2 b5 18. Ne3 exf4 19. Rxf4 Bd6 20. Rh4 Nc5 21. Qc2 f5 22. g3 g5 23. Rh5 fxe4 24. Be2 Be8 25. Rh6 Bg6 26. Ng4 Nd3 27. Bxd3 exd3 28. Rxg6+ hxg6 29. Qxd3 Rde8 30. Qxg6+ Qg7 31. Nf6+ Rxf6 32. Qxe8+ Kh7 33. Qxb5 Rf2 34. Qd3+ Qg6 35. Qxg6+ Kxg6 36. Be3 Rf7 37. Bd4 a6 38. c4 Rf3 39. c5 Be7 40. Rd1 Rf5 41. Bg1 Kf7 42. Kg2 g4 43. Be3 Rf3 44. Bg1 Rc3 45. Rf1+ Ke8 46. c6 Rd3 47. Rf5 Rd2+ 48. Rf2 Rxd5 49. Rf4 Rd2+ 50. Bf2 Rxa2 51. Rxg4 Rc2 52. Rf4 Bc5 53. Kf1 Bxf2 54. Rxf2 Rxc6 55. Kg2 1/2-1/2

[Event "IIFL WEALTH VI Mumbai Open 2021"]
[Site "Mumbai"]
[Date "2022.01.07"]
[Round "9.1"]
[White "Krishnan Ritvik"]
[Black "Adireddy Arjun"]
[Result "0-1"]
[ECO "B90"]
[WhiteElo "1750"]
[BlackElo "1658"]
[Annotator "NA RC"]
[PlyCount "88"]
[EventDate "2021.12.30"]
[EventType "swiss"]
[EventCountry "IND"]
[SourceTitle "playchess.com"]
[Source "ChessBase"]
[SourceQuality "1"]
[TimeControl "5400+30"]

1. e4 c5 2. Nf3 d6 3. d4 cxd4 4. Nxd4 Nf6 5. Nc3 a6 6. h3 e6 7. g4 h6 8. Be3 Nc6 9. Bg2 Be7 10. Qe2 Nd7 11. O-O-O Qc7 12. f4 g5 13. f5 Nde5 14. Rhf1 Bd7 15. Nb3 b5 16. Qf2 Rb8 17. Kb1 Rf8 18. f6 Bd8 19. Nd4 Rg8 20. Qe1 Nxd4 21. Bxd4 Rg6 22. h4 Rxf6 23. hxg5 Rxf1 24. Qxf1 Bxg5 25. Qf2 b4 26. Ne2 Nxg4 27. Qg3 e5 28. Bh3 h5 29. Bg1 f5 30. Qf3 f4 31. Qb3 Ke7 32. Ka1 a5 33. Qd3 Be6 34. Qd2 Rg8 35. Qd3 Rd8 36. Kb1 Qc4 37. Nc1 Qxd3 38. Nxd3 Nf6 39. Bxe6 Kxe6 40. Nc5+ Ke7 41. Nb7 Rd7 42. Nxa5 Nxe4 43. Nc6+ Ke6 44. Nxb4 f3 0-1

[Event "IIFL WEALTH VI Mumbai Open 2021"]
[Site "Mumbai"]
[Date "2022.01.07"]
[Round "9.3"]
[White "Kadav Omkar"]
[Black "Iyer Arvind"]
[Result "0-1"]
[ECO "A15"]
[WhiteElo "1843"]
[BlackElo "1662"]
[Annotator "NA RC"]
[PlyCount "72"]
[EventDate "2021.12.30"]
[EventType "swiss"]
[EventCountry "IND"]
[SourceTitle "playchess.com"]
[Source "ChessBase"]
[SourceQuality "1"]
[TimeControl "5400+30"]

1. c4 Nf6 2. a3 e5 3. e3 d5 4. cxd5 Nxd5 5. Nf3 Bd6 6. d3 Nc6 7. b4 a6 8. Bb2 O-O 9. Be2 Be6 10. Nbd2 f5 11. O-O Qf6 12. Nc4 Rae8 13. d4 (13. Rc1 $11) 13... e4 14. Nfe5 Bxe5 ({Black should play} 14... f4 $17) 15. Nxe5 (15. dxe5 $11 Qg5 16. Qc2) 15... Nxe5 (15... f4 $17 16. Nxc6 bxc6 17. exf4 Nxf4) 16. dxe5 Qg5 17. Qc2 Rd8 18. Bc4 c6 19. Rad1 Kh8 20. Bxd5 Bxd5 21. Bd4 Rde8 22. Qd2 {[%emt 0:02:35] [#]} (22. h3 $11) 22... Re6 $1 23. Kh1 ({Much weaker is} 23. g3 Qg4 24. a4 Rfe8 $17) 23... Qh5 24. h3 Rg6 25. Kh2 (25. Bc5 $15 f4 26. exf4 (26. Bxf8 {is a self mate.} f3)) 25... f4 $1 ({But not} 25... Qg5 $6 26. Rg1 $11) 26. Rg1 {[%emt 0:09:08] [#]} f3 $1 27. g4 {[%emt 0:00:38] [#]} Qh4 $1 28. Rg3 Be6 29. Rdg1 Rh6 (29... h5 $17 30. gxh5 {[#]} Qxh5 $1) 30. Qe1 $2 {[%emt 0:01:37] [#]} (30. Rh1 $17 {is tougher.}) 30... Bxg4 $1 31. Qf1 Be6 32. Rh1 Rf5 33. Bc3 Rfh5 (33... Rg5 $142 34. Rhg1 Rgh5) 34. Kg1 Rg5 35. Be1 b5 36. Kh2 Bc4 0-1

[Event "IIFL WEALTH VI Mumbai Open 2021"]
[Site "Mumbai"]
[Date "2022.01.07"]
[Round "9.4"]
[White "Bhat Sanjay"]
[Black "Daksh Goyal"]
[Result "0-1"]
[ECO "A13"]
[WhiteElo "1679"]
[BlackElo "1352"]
[Annotator "NA RC"]
[PlyCount "66"]
[EventDate "2021.12.30"]
[EventType "swiss"]
[EventCountry "IND"]
[SourceTitle "playchess.com"]
[Source "ChessBase"]
[SourceQuality "1"]
[TimeControl "5400+30"]

1. c4 e6 2. g3 d5 3. Bg2 d4 4. Nf3 c5 5. e3 Nc6 6. exd4 cxd4 7. O-O Nf6 8. d3 Bd6 9. a3 a5 10. Bg5 h6 11. Bxf6 Qxf6 12. Nbd2 Qe7 13. Re1 O-O 14. Nb3 Qf6 15. Nfd2 Qd8 16. c5 Bc7 17. Ne4 e5 18. Nbd2 Be6 19. Rc1 f5 20. Nd6 Bxd6 21. cxd6 Qxd6 22. Bxc6 bxc6 23. Qe2 e4 24. dxe4 f4 25. Nc4 Qc5 26. b4 axb4 27. axb4 Qxb4 28. Ne5 Ra2 29. Nxc6 Qd6 30. e5 Qd7 31. Qe4 fxg3 32. fxg3 Rff2 33. Qxd4 Rg2+ 0-1

[Event "IIFL WEALTH VI Mumbai Open 2021"]
[Site "Mumbai"]
[Date "2022.01.07"]
[Round "9.5"]
[White "Bharadia Yash"]
[Black "Mishra Sanjeev"]
[Result "1/2-1/2"]
[ECO "C65"]
[WhiteElo "1675"]
[BlackElo "1605"]
[Annotator "NA RC"]
[PlyCount "137"]
[EventDate "2021.12.30"]
[EventType "swiss"]
[EventCountry "IND"]
[SourceTitle "playchess.com"]
[Source "ChessBase"]
[SourceQuality "1"]
[TimeControl "5400+30"]

1. e4 e5 2. Nf3 Nc6 3. Bb5 Nf6 4. O-O Bc5 5. c3 O-O 6. d4 Bb6 7. Re1 d6 8. h3 h6 9. a4 a6 10. Bf1 Re8 11. d5 Ne7 12. Be3 Bxe3 13. Rxe3 c6 14. c4 Bd7 15. dxc6 Bxc6 16. Nc3 Ng6 17. g3 a5 18. Bg2 Nf8 19. Qd2 Ne6 20. Rd1 Re7 21. Rd3 Nxe4 22. Nxe4 Bxe4 23. Rxd6 Qe8 24. b3 Bxf3 25. Bxf3 Nd4 26. Qc3 Qc8 27. Kg2 Qc7 28. Rd5 Ra6 29. Re1 g6 30. Bd1 Kh7 31. h4 h5 32. f4 f6 33. fxe5 fxe5 34. Qe3 Rae6 35. Qe4 Kg7 36. Rf1 Qc6 37. g4 hxg4 38. Bxg4 Rf6 39. Rxf6 Qxf6 40. Rd7 Rxd7 41. Bxd7 b6 42. Qe3 Qd6 43. Bg4 Qc6+ 44. Kh2 Qf6 45. Kg2 Kh7 46. h5 gxh5 47. Bxh5 Nf5 48. Qh3 Qg5+ 49. Kf2 Qf4+ 50. Qf3 Qh2+ 51. Ke1 Qh4+ 52. Kd1 Qd4+ 53. Kc1 Qa1+ 54. Kd2 Qb2+ 55. Kd1 Qd4+ 56. Kc1 Qg1+ 57. Kb2 Qh2+ 58. Ka3 Qc2 59. Qd1 Qf2 60. Qg4 Qc5+ 61. Ka2 Qf2+ 62. Ka3 Qc5+ 63. Ka2 Ne7 64. Qh4 Qd6 65. Bf3+ Kg7 66. Qg5+ Kf8 67. Be4 Ke8 68. Qg7 Kd7 69. Qg5 1/2-1/2